AoeStats
← CalZing

Arena

510184804Analyzed
1v1 RM · 2d ago on Sep 29, 2026· 48m 57s· 2 players
Game mode
Random Map
Map size
Tiny (2 player)
Population
200
Speed
Normal
Resources
Standard
Victory
Conquest
Starting age
Dark Age
Ending age
Imperial Age
RankedLock teamsTeams togetherTeam positionsShared explorationLock speedFull tech treeHidden civsTurbo modeCheats
Victory
Defeat
🇸🇪 Ethiopians · Sweden
1158
+16
🇨🇴 Varangians · Colombia
1167
-16
CalZing
10:45 Feudal Age
9:52 Loom
14:47 Castle Age
13:50 Fletching
14:31 Double-Bit Axe
14:48 Crossbowman
21:28 Horse Collar
23:56 Sanctity
24:04 Bodkin Arrow
25:05 Padded Archer Armor
25:25 Fervor
28:08 Wheelbarrow
33:15 Imperial Age
32:01 Heavy Plow
32:12 Bow Saw
33:02 Ballistics
33:47 Leather Archer Armor
33:16 Arbalester
34:02 Thumb Ring
35:00 Chemistry
34:07 Bracer
35:14 Fortified Wall
43:47 Ring Archer Armor
44:01 Torsion Engines
43:35 Heavy Scorpion
45:57 Siege Engineers
46:39 Town Watch
47:10 Hand Cart
COL | TheFaura
11:13 Feudal Age
15:22 Castle Age
13:30 Loom
13:47 Double-Bit Axe
14:14 Horse Collar
16:43 Wheelbarrow
31:38 Imperial Age
29:00 Gold Mining
29:27 Town Watch
30:01 Stone Mining
30:22 Bow Saw
31:11 Bloodlines
31:08 Scale Barding Armor
31:15 Heavy Plow
32:18 Forging
32:57 Conscription
33:18 Chain Barding Armor
32:52 Fletching
35:09 Iron Casting
34:57 Gothikon
36:25 Plate Barding Armor
35:39 Elite Skirmisher
36:34 Bodkin Arrow
37:01 Padded Archer Armor
38:04 Chemistry
37:43 Bracer
38:44 Blast Furnace
38:08 Husbandry
38:54 Ballistics
39:11 Leather Archer Armor
39:11 Town Patrol
39:46 Elite Jarl
41:53 Hand Cart
42:09 Ring Archer Armor
42:11 Siege Engineers
42:03 Light Cavalry
42:45 Hussar
47:35 Masonry
Connection lost

Rejoining the realm…

Still unreachable

The connection could not be restored.

Session expired

The server has moved on; the page needs a fresh start.